 Dungeon Crawl Stone Soup version 0.27-a0-1442-g87b6fcb595 (webtiles) character file.

Game seed: 3415448918277157712

1166 raph the Destroyer (level 8, -1/41 HPs)
             Began as a Deep Elf Conjurer on July 3, 2021.
             Was a Believer of Elyvilon.
             Killed from afar by Dowan (16 damage)
             ... with a shard of ice
             ... on level 5 of the Dungeon on July 4, 2021.
             The game lasted 00:10:50 (5846 turns).

raph the Destroyer (Deep Elf Conjurer)              Turns: 5846, Time: 00:10:51

Health: -1/41      AC:  2    Str:  4    XL:     8   Next: 17%
Magic:  2/17       EV: 12    Int: 26    God:    Elyvilon [**....]
Gold:   229        SH:  5    Dex: 13    Spells: 3/17 levels left

rFire    . . .     SeeInvis .   p - +0 falchion (vorpal)
rCold    . . .     Faith    .   (no shield)
rNeg     . . .     Spirit   .   a - +0 robe
rPois    .         Reflect  +   (no helmet)
rElec    .         Harm     .   (no cloak)
rCorr    .         Rampage  .   (no gloves)
Will     .....                  (no boots)
Stlth    ++........             b - amulet of reflection
HPRegen  0.13/turn              (no ring)
MPRegen  0.15/turn              (no ring)

@: no status effects
A: no striking features
a: Renounce Religion, Lesser Healing, Heal Other, Divine Protection


You were on level 5 of the Dungeon.
You worshipped Elyvilon.
Elyvilon was pleased with you.
You visited 1 branch of the dungeon, and saw 5 of its levels.

You collected 334 gold pieces.
You spent 105 gold pieces at shops.

Inventory:

Hand Weapons
 c - a +0 short sword
 p - a +0 vorpal falchion (weapon)
Missiles
 o - 2 throwing nets
Armour
 a - a +0 robe (worn)
Magical Staves
 q - a staff of earth
 s - a staff of air
Jewellery
 b - an amulet of reflection (around neck)
Scrolls
 e - a scroll of torment {unknown}
 f - 2 scrolls of vulnerability {unknown}
 i - a scroll of brand weapon {unknown}
 j - a scroll of blinking
 k - a scroll of noise {unknown}
 l - 3 scrolls of teleportation {unknown}
 n - a scroll of enchant weapon {unknown}
 r - 3 scrolls of identify {unknown}
 t - a scroll of magic mapping {unknown}
Potions
 d - 3 potions of flight {unknown}
 g - a potion of mutation {unknown}
 h - 3 potions of heal wounds {unknown}
 m - 2 potions of curing {unknown}


   Skills:
 - Level 2.4 Dodging
 - Level 2.4 Stealth
 + Level 5.1 Spellcasting
 + Level 10.9 Conjurations


You had 3 spell levels left.
You knew the following spells:

 Your Spells              Type           Power      Damage    Failure   Level
a - Magic Dart            Conj           100%       1d8       1%          1
b - Searing Ray           Conj           100%       3d7       1%          2
c - Dazzling Flash        Conj/Hex       68%        N/A       2%          3
d - Fulminant Prism       Conj/Hex       17%        3d11      9%          4
e - Iskenderun's Mystic   Conj/Tloc      34%        2d8       9%          4

Your spell library contained the following spells:

 Spells                   Type           Power      Damage    Failure   Level
 Foxfire                  Conj/Fire      100%       2x1d9     1%          1
 Conjure Flame            Conj/Fire      34%        6-21      2%          3
 Corpse Rot               Necr/Air       N/A        N/A       12%         2
 Ensorcelled Hibernation  Hex/Ice        12%        N/A       12%         2
 Poisonous Vapours        Pois/Air       12%        N/A       12%         2
 Inner Flame              Hex/Fire       6%         N/A       22%         3
 Spider Form              Tmut/Pois      3%         N/A       22%         3
 Shadow Creatures         Summ           N/A        N/A       100%        6


Dungeon Overview and Level Annotations

Branches:
Dungeon (5/15)             Temple (0/1) D:5

Altars:
Cheibriados
Elyvilon
Hepliaklqana

Shops:
D:3 *

Annotations:
D:5 Dowan


Message History

You conjure a prism of explosive energy!
A fulminant prism comes into view.
Your fulminant prism crackles loudly.
Your fulminant prism explodes!
The blast of energy engulfs Duvessa!
Duvessa is severely wounded.
You closely miss Duvessa.
Duvessa is severely wounded.
You block Duvessa's attack.
Casting: Fulminant Prism (quite dangerous; 9% risk of failure)
Confirm with . or Enter, or press ? or * to list all spells.
Aiming: Searing Ray (safe; 1% risk of failure)
Press: ? - help, Shift-Dir - straight line, f - Duvessa
Aim: Duvessa, wielding a +0 short sword and wearing a +0 leather armour (severely wounded, 85% to hit)
The searing ray hits Duvessa!
Duvessa is almost dead. (Press . to maintain the ray.) Duvessa hits you with a +0 short sword!
The searing ray hits Duvessa!
You kill Duvessa!
Dowan screams, "No!
Oh no!"
Dowan seems to find hidden reserves of power!
Your Spellcasting skill increases to level 5!
Casting: Searing Ray (safe; 1% risk of failure)
Confirm with . or Enter, or press ? or * to list all spells.
Restarting spell: Searing Ray (safe; 1% risk of failure)
Press: ? - help, Shift-Dir - straight line, f - Dowan
Aim: Dowan, wielding a +0 dagger and wearing a +0 robe (fast, 76% to hit)
The searing ray hits Dowan!
Dowan is heavily wounded. (Press . to maintain the ray.) Dowan points at you and mumbles some strange words.
The stone arrow hits you!
The searing ray hits Dowan!
Dowan is almost dead.
An ogre comes into view. It is wielding a +0 giant spiked club.
The searing ray misses Dowan.
Dowan casts a spell at you. The shard of ice hits you!
You die...

.....P>................. ##...##
.......P.........#...(...###.)#..
..........(......#...# #....)###.
.....##.......O.#....##.....)..#.
.....##.###.###.#................
..........####......###..........
.#.........###......# #.....#....
##....###...##....)## #.....#....
###.........# #.@...##...........
#.#......##.###.)................
........###..##...e..##... ##..#
######### #.....)...##...# ....
#....###.......# #..
#.####..).....## #.. ##
#..........# #..# #...#.........
#..# .....##......... ...


You could see an ogre and Dowan (fast).

Vanquished Creatures
  Sigmund (D:3)
  Edmund (D:5)
  Duvessa (D:5)
  An ice beast (D:4)
  An ogre (D:5)
  A necrophage (D:4)
  Blork the orc (D:5)
  A scorpion (D:4)
  A centaur zombie (D:5)
  2 orc priests
  2 iguanas (D:4)
  3 orc wizards
  Terence (D:2)
  A hound skeleton (D:5)
  3 gnolls (D:4)
  4 adders
  An adder skeleton (D:5)
  A worm (D:3)
  14 orcs
  8 ball pythons
  7 endoplasms
  2 giant cockroaches
  7 goblins
  10 hobgoblins
  11 jackals
  4 kobolds
  2 quokkas
  2 bats
  4 frilled lizards
  3 rats
101 creatures vanquished.

Vanquished Creatures (others)
  A butterfly (D:3)
  2 fulminant prisms (D:5)
  9 plants (D:4)
12 creatures vanquished.

Grand Total: 113 creatures vanquished

Notes
Turn   | Place    | Note
-------+----------+-------------------------------------------
     0 | D:1      | raph the Deep Elf Conjurer began the quest for the Orb.
     0 | D:1      | Reached XP level 1. HP: 10/10 MP: 6/6
   528 | D:1      | You fall into a shaft and drop 1 floor!
   642 | D:1      | Reached XP level 2. HP: 15/15 MP: 6/8
   701 | D:1      | Reached skill level 5 in Conjurations
  1164 | D:2      | Reached XP level 3. HP: 19/19 MP: 5/9
  1167 | D:2      | Learned a level 2 spell: Searing Ray
  1224 | D:2      | Learned a level 3 spell: Dazzling Flash
  1502 | D:2      | Noticed Terence
  1508 | D:2      | Killed Terence
  1509 | D:2      | Reached skill level 6 in Conjurations
  1509 | D:2      | Reached XP level 4. HP: 24/24 MP: 5/10
  1788 | D:3      | Found Ziubeis's General Store.
  1793 | D:3      | Bought a scroll of blinking for 105 gold pieces
  1802 | D:3      | Found a faded altar of an unknown god.
  1876 | D:3      | Found a white marble altar of Elyvilon.
  1976 | D:3      | Became a worshipper of Elyvilon the Healer
  2266 | D:3      | Found a hazy altar of Hepliaklqana.
  2273 | D:3      | Noticed Sigmund
  2278 | D:3      | Killed Sigmund
  2279 | D:3      | Reached skill level 7 in Conjurations
  2279 | D:3      | Reached XP level 5. HP: 28/28 MP: 3/11
  2898 | D:3      | Reached skill level 8 in Conjurations
  3089 | D:4      | Reached XP level 6. HP: 32/32 MP: 6/12
  3330 | D:4      | Found a snail-covered altar of Cheibriados.
  3756 | D:4      | Reached * piety under Elyvilon
  3951 | D:4      | Reached skill level 9 in Conjurations
  4022 | D:4      | Noticed an ice beast
  4396 | D:4      | Killed an ice beast
  4397 | D:4      | Reached XP level 7. HP: 20/36 MP: 7/13
  4525 | D:4      | Upgraded the game from 0.27-a0-1434-g6f15984924 to
                  | 0.27-a0-1442-g87b6fcb595
  5102 | D:5      | Entered Level 5 of the Dungeon
  5102 | D:5      | Noticed Edmund
  5147 | D:5      | Killed Edmund
  5148 | D:5      | Reached skill level 10 in Conjurations
  5310 | D:5      | Learned a level 4 spell: Fulminant Prism
  5401 | D:5      | Got the Collected Works on Air
  5675 | D:5      | Reached ** piety under Elyvilon
  5695 | D:5      | Noticed Blork the orc
  5703 | D:5      | Killed Blork the orc
  5704 | D:5      | Reached XP level 8. HP: 37/41 MP: 10/16
  5733 | D:5      | Found a staircase to the Ecumenical Temple.
  5774 | D:5      | Noticed Duvessa
  5807 | D:5      | Noticed Dowan
  5823 | D:5      | Learned a level 4 spell: Iskenderun's Mystic Blast
  5843 | D:5      | Killed Duvessa
  5844 | D:5      | Reached skill level 5 in Spellcasting
  5846 | D:5      | Killed from afar by Dowan

Illustrated notes

Levels and vault maps discovered:
D:1:      mushboom_english_gardens, layout_loops_ring, minmay_ruptured
D:2:      layout_rooms, minmay_bisected, uniq_terence
D:3:      layout_loops_cross, nicolae_elyvilon_peaceful_grove,
          old_standard_altar, ebering_ecumenical_altar_hall, serial_shops,
          nicolae_shop_temple_entry_statues_fountains,
          ebering_dispersal_statue_hall, minmay_misc_feat_hallway, uniq_sigmund
D:4:      layout_loops_ring, general_overflow_altar, serial_bayou_ford_a,
          lightli_corner_chamber
D:5:      layout_cave_pools, chequers_temple_overflow_statue_of_worship,
          minmay_temple_entry_overgrown, st_stairs_5, uniq_crazy_yiuf_cottage,
          uniq_edmund, uniq_duvessa, uniq_blork_the_orc

Skill      XL: |  1  2  3  4  5  6  7  8 |
---------------+-------------------------+-----
Conjurations   | 5 6 7 8 9 10 | 10.9
Spellcasting   | 4 5 |  5.1
Dodging        | |  2.4
Stealth        | |  2.4

Action                   |  1- 3 |  4- 6 |  7- 9 || total
-------------------------+-------+-------+-------++-------
Melee: Short sword       |     1 |     5 |     1 ||     7
       Falchion          |       |       |     1 ||     1
 Cast: Magic Dart        |    43 |    39 |    24 ||   106
       Searing Ray       |     1 |    25 |    13 ||    39
       Dazzling Flash    |       |       |     1 ||     1
       Fulminant Prism   |       |       |     2 ||     2
 Stab: Sleeping          |     1 |       |     1 ||     2
Armor: Robe              |       |     2 |     1 ||     3
Dodge: Dodged            |     2 |    10 |    13 ||    25
Block: Other             |     1 |     5 |     3 ||     9

Table legend: (Time is in decaauts)
 A = Elapsed time spent in this place.
 B = Non-inter-level travel time spent in this place.
 C = Inter-level travel time spent in this place.
 D = Time resting spent in this place.
 E = Time spent auto-exploring this place.
 F = Levels seen in this place.
 G = Mean time per level.
                   A        B        C        D        E       F      G
               +--------+--------+--------+--------+--------+-----+--------+
         Total |   5857 |   5680 |    177 |   2638 |   2326 |   5 | 1171.4 |
       Dungeon |   5857 |   5680 |    177 |   2638 |   2326 |   5 | 1171.4 |
               +--------+--------+--------+--------+--------+-----+--------+

Top non-repeatable levels by time:
     D:4: 2055 daAuts
     D:3: 1311 daAuts
     D:1: 1124 daAuts
     D:5: 710 daAuts
     D:2: 655 daAuts
